 Dungeon Crawl Stone Soup version 0.28.0-1-gb440e238dd (webtiles) character file.

Game seed: 13052266935986006648

2 cbfl8 the Sneak (level 1, -5/20 HPs)
             Began as a Minotaur Delver on Feb 23, 2022.
             Killed by nerve-wracking pain
             ... invoked by an orc priest
              (14 damage)
             ... on level 5 of the Dungeon.
             The game lasted 00:00:24 (110 turns).

cbfl8 the Sneak (Minotaur Delver)                    Turns: 110, Time: 00:00:25

Health: -5/20      AC:  3    Str: 16    XL:     1   Next: 25%
Magic:  0/0        EV: 11    Int:  7    God:
Gold:   27         SH:  0    Dex: 11    Spells: 0/0 levels left

rFire   . . .      SeeInvis .   h - +2 war axe (venom)
rCold   . . .      Faith    .   (no shield)
rNeg    . . .      Spirit   .   b - +0 leather armour
rPois   .          Reflect  .   (helmet restricted)
rElec   .          Harm     .   (no cloak)
rCorr   .          Rampage  .   (no gloves)
Will    .....                   (no boots)
Stlth   ++........              (no amulet)
HPRegen 0.06/turn               (no ring)
MPRegen 0.07/turn               (no ring)

@: no status effects
A: horns 2, retaliatory headbutt
a: no special abilities


You were on level 5 of the Dungeon.
You visited 1 branch of the dungeon, and saw 2 of its levels.

You collected 27 gold pieces.

Inventory:

Hand Weapons
 a - a +0 hand axe
 h - a +2 war axe of venom (weapon)
Armour
 b - a +0 leather armour (worn)
Wands
 g - a wand of digging (3)
Scrolls
 c - a scroll of fog
 d - a scroll of magic mapping
 e - a scroll of fear
Potions
 f - 2 potions of haste


   Skills:
 + Level 3.6 Fighting
 + Level 2.4 Axes
 + Level 2.2 Dodging
 + Level 4.1 Stealth


You couldn't memorise any spells.
You didn't know any spells.
Your spell library contained the following spells:

 Spells                   Type           Power      Damage    Failure   Level
 Portal Projectile        Hex/Tloc       0%         N/A       86%         3
 Blade Hands              Tmut           0%         N/A       100%        5
 Excruciating Wounds      Necr           0%         N/A       100%        5
 Iskenderun's Battlesphe  Conj           0%         2d6       100%        5
 Iron Shot                Conj/Erth      0%         9d1       100%        6
 Spellforged Servitor     Conj/Summ      0%         N/A       100%        7


Dungeon Overview and Level Annotations

Branches:
Dungeon (5/15)
 Temple: D:4-7

Altars:


Innate Abilities, Weirdness & Mutations

You have a pair of horns on your head.
You reflexively headbutt those who attack you in melee.


Message History

There is a stone staircase leading down here.
You climb downwards.
There is a stone staircase leading up here.
An orc comes into view. It is wielding a +0 short sword.
Found a stone staircase leading down.
You see here a +0 falchion.
The orc shouts!
You hear a shout! x4
The orc barely misses you. You furiously retaliate!
You headbutt the orc!
You kill the orc!
An orc priest comes into view. It is wielding a +0 club.
An orc wizard and 2 orcs come into view.
Found an emerald potion.
The orc shouts!
Things that are here:
a +0 short sword; an orc corpse The orc priest hits you with a +0 club.
The orc wizard casts a spell.
The orc wizard flickers and vanishes!
Deactivating autopickup; reactivate with Ctrl-A.
You barely miss the orc priest. The orc priest hits you with a +0 club.
You closely miss something. You barely miss something.
Something hits you but does no damage. The orc priest hits you with a +0 club.
You hit the orc priest but do no damage.
The orc priest is poisoned.
You hit something. The orc priest hits you with a +0 club.
Something hits you but does no damage.
You hit the orc priest but do no damage.
You headbutt the orc priest.
The orc priest is moderately wounded.
You slash something! The orc priest misses you. You furiously retaliate!
You headbutt the orc priest. Something hits you but does no damage.
You barely miss the orc priest.
The orc priest is severely wounded.
You miss something.
Reactivating autopickup.
You feel a bit more experienced.
The orc priest mumbles some strange prayers to Beogh against you.
Pain shoots through your body!
Ouch! That really hurt!
You die...

#.####. #..##
####.###.. #!...
......##.. #...#
######...(..
...#####........<..
.o.>..#.####......
#o# #.#.####..##..
#o###.......>.....
#@)..)............
#######.##########
...# #####


You could see an orc priest (very poisoned) and 2 orcs.

Vanquished Creatures
  An orc wizard (D:5)
  An orc (D:5)
2 creatures vanquished.

Notes
Turn   | Place    | Note
-------+----------+-------------------------------------------
     0 | D:5      | cbfl8 the Minotaur Delver began the quest for the Orb.
     0 | D:5      | Reached XP level 1. HP: 19/19 MP: 0/0
    82 | D:4      | Noticed an orc wizard
    82 | D:4      | Noticed an orc wizard
   102 | D:5      | Noticed an orc priest
   103 | D:5      | Noticed an orc wizard
   110 | D:5      | Killed an orc wizard
   110 | D:5      | Killed from afar by an orc priest

Illustrated notes

Levels and vault maps discovered:
D:4:      layout_rooms, mainiacjoe_overflow_big_doors
D:5:      layout_loops_ring, overflow_temple_1_default,
          chequers_serial_rivers_room_a, lemuel_flame_loot_1, uniq_sigmund,
          uniq_grinder, uniq_menkaure

Action                   || total
-------------------------++-------
Melee: War axe           ||     6
       Headbutt          ||     1
Armor: Leather armour    ||     3
Dodge: Dodged            ||     2
